[Event "Titled Tuesday Blitz November 07 Late 2023"]
[White "MKlose11"]
[Black "a-z30"]
[WhiteElo "2710"]
[BlackElo "2539"]
[Result "1-0"]
[Round "8"]
[TimeControl "180+1"]
[Date "2023.11.07"]
[WhiteClock "0:00:54"]
[BlackClock "0:00:00"]
[Board "43"]

1. e4 d6 2. Nc3 Nf6 3. d4 g6 4. Bg5 c6 5. g3 Bg7 6. Bg2 O-O 7. Nge2 Qc7 8. a4 h6 9. Be3 Nbd7 10. h3 e5 11. O-O b6 12. Qd2 Kh7 13. Rad1 Bb7 14. f4 a6 15. f5 b5 16. g4 b4 17. Nb1 d5 18. exd5 Nxd5 19. dxe5 Nxe3 20. Qxe3 Qxe5 21. Qxe5 Nxe5 22. f6 Bh8 23. Nd2 Rad8 24. Ne4 c5 25. Nxc5 Rxd1 26. Rxd1 Bxg2 27. Kxg2 Bxf6 28. Nxa6 Nc4 29. Rd7 Nxb2 30. Nxb4 Nxa4 31. Nd5 Kg7 32. Nef4 1-0


[Site "https://www.chess.com"]

[Event "Titled Tuesday Blitz November 07 Late 2023"]
[White "Wartiovaara, Oliver"]
[Black "Martinez Ramirez, Lennis"]
[WhiteFideId "513024"]
[BlackFideId "3509079"]
[WhiteElo "2532"]
[BlackElo "2705"]
[Result "1-0"]
[Round "8"]
[TimeControl "180+1"]
[Date "2023.11.07"]
[WhiteClock "0:00:12"]
[BlackClock "0:00:08"]
[Board "44"]

1. e4 e5 2. Nf3 Nc6 3. Nc3 g6 4. d4 exd4 5. Nxd4 Bg7 6. Be3 Nf6 7. Nxc6 bxc6 8. e5 Nd5 9. Nxd5 cxd5 10. Qxd5 c6 11. Qc5 Rb8 12. O-O-O Qb6 13. Qxb6 axb6 14. f4 O-O 15. Bc4 Re8 16. Rhe1 Kf8 17. Bd4 h5 18. c3 Bh6 19. g3 Ke7 20. h4 Bf8 21. Bf2 Bg7 22. a4 Kf8 23. Kc2 f6 24. exf6 Bxf6 25. a5 d5 26. Rxe8+ Kxe8 27. Bd3 Bf5 28. Bxf5 gxf5 29. Bxb6 Kd7 30. Re1 Rg8 31. Re3 Kd6 32. b4 Kd7 33. Bd4 Bxd4 34. cxd4 Kc7 35. Re7+ Kd6 36. Re5 Rxg3 37. Rxf5 Rg4 38. Rf7 Rxh4 39. a6 Rh2+ 40. Kb3 Rh1 41. a7 Ra1 42. Rh7 Ke6 43. Kb2 Ra6 44. Rxh5 Rxa7 45. Rh6+ Kf5 46. Rxc6 Ke4 47. f5 Kxf5 48. b5 Ke4 49. Kc3 Ra3+ 50. Kb4 Ra1 51. b6 Rb1+ 52. Kc5 Rc1+ 53. Kd6 Rb1 54. Kc7 Kxd4 55. b7 Rxb7+ 56. Kxb7 Ke4 57. Kb6 d4 58. Kb5 d3 59. Kc4 Ke3 60. Rd6 d2 61. Kc3 Ke2 62. Rxd2+ Ke3 63. Rd8 1-0


[Site "https://www.chess.com"]

[Event "Titled Tuesday Blitz November 07 Late 2023"]
[White "Annaberdiyev, Meylis"]
[Black "Sepulveda Rojas, Jorge"]
[WhiteFideId "14000563"]
[BlackFideId "3404803"]
[WhiteElo "2688"]
[BlackElo "2519"]
[Result "1-0"]
[Round "8"]
[TimeControl "180+1"]
[Date "2023.11.07"]
[WhiteClock "0:00:12"]
[BlackClock "0:00:00"]
[Board "45"]

1. e4 g6 2. d4 Bg7 3. Nf3 d6 4. Be2 c6 5. Nc3 b5 6. O-O b4 7. Nb1 Nf6 8. e5 Nd5 9. a3 bxa3 10. Rxa3 O-O 11. c4 Nb6 12. Nc3 Be6 13. b3 dxe5 14. Nxe5 Qc7 15. Bf4 Qc8 16. Bf3 Rd8 17. d5 cxd5 18. Nxd5 Nxd5 19. cxd5 Qc5 20. b4 Qxb4 21. Ra4 Qb5 22. Rd4 Bxe5 23. Bxe5 Bf5 24. g4 Bc8 25. Re1 Nd7 26. Bg3 Nc5 27. d6 Bb7 28. dxe7 Re8 29. Bxb7 Qxb7 30. Bh4 Ne6 31. Rd7 Qc6 32. Rd6 Qc7 33. Rexe6 fxe6 34. Rd7 Qc3 35. Qd6 Kf7 36. Qf4+ 1-0


[Site "https://www.chess.com"]

[Event "Titled Tuesday Blitz November 07 Late 2023"]
[White "Nilsen, Tobias Lang"]
[Black "Rozman, Levy"]
[WhiteFideId "1521624"]
[BlackFideId "2039877"]
[WhiteElo "2514"]
[BlackElo "2674"]
[Result "0-1"]
[Round "8"]
[TimeControl "180+1"]
[Date "2023.11.07"]
[WhiteClock "0:00:00"]
[BlackClock "0:00:17"]
[Board "47"]

1. e4 d5 2. exd5 Qxd5 3. Nc3 Qa5 4. d4 Nf6 5. Bc4 Bf5 6. Nf3 e6 7. Bd2 Bb4 8. a3 Bxc3 9. Bxc3 Qb6 10. O-O O-O 11. Ne5 Nc6 12. Qe2 Nxd4 13. Qd2 Rad8 14. Qf4 Bxc2 15. Rac1 Bg6 16. Ng4 Nxg4 17. Qxg4 c5 18. b4 Qc7 19. bxc5 Bf5 20. Qh4 Nc6 21. Rfe1 Bg6 22. Qg4 Rfe8 23. h4 h5 24. Qg5 Nd4 25. Rcd1 Nc2 26. Rxd8 Qxd8 27. Qxd8 Rxd8 28. Rc1 Nxa3 29. Be2 Nb1 30. Ba5 Rc8 31. Bb4 Be4 32. f3 Bg6 33. Bc4 b6 34. Ba2 a5 35. Be1 Na3 36. c6 Nb5 37. Bg3 Nd4 0-1


[Site "https://www.chess.com"]

[Event "Titled Tuesday Blitz November 07 Late 2023"]
[White "Bilan, Danila"]
[Black "Kavutskiy, Konstantin"]
[WhiteFideId "24161918"]
[BlackFideId "2026384"]
[WhiteElo "2512"]
[BlackElo "2672"]
[Result "0-1"]
[Round "8"]
[TimeControl "180+1"]
[Date "2023.11.07"]
[WhiteClock "0:00:00"]
[BlackClock "0:00:26"]
[Board "48"]

1. d4 Nf6 2. Nf3 g6 3. Bg5 Bg7 4. c3 O-O 5. Nbd2 d6 6. e4 c5 7. dxc5 dxc5 8. Bc4 Qc7 9. O-O Nc6 10. a4 b6 11. Qc2 Bb7 12. Rfe1 h6 13. Bh4 Nh5 14. Nf1 Rad8 15. e5 Kh7 16. e6 f5 17. Rad1 Kh8 18. Ne3 Ne5 19. Nxe5 Bxe5 20. Bg3 Nxg3 21. hxg3 Kg7 22. Bd5 Bf6 23. Bxb7 Qxb7 24. c4 Rd4 25. Nd5 Qc6 26. b3 h5 27. Qe2 Re4 28. Qf3 Qxe6 29. Rxe4 fxe4 30. Qe2 Bd4 31. Nf4 Qf5 32. Kh2 h4 33. Rf1 Rh8 34. Nh3 Be5 35. Kg1 hxg3 36. fxg3 Bd4+ 37. Kh2 Qe6 38. Re1 e3 39. Qf3 Qf5 40. Qe2 g5 41. Rf1 Qe6 42. g4 Qe5+ 43. Kg1 Rxh3 44. gxh3 Qg3+ 45. Kh1 Qxh3+ 46. Kg1 e6 47. Qf3 e2+ 0-1


[Site "https://www.chess.com"]

[Event "Titled Tuesday Blitz November 07 Late 2023"]
[White "Czerw, Dawid"]
[Black "Gubajdullin, Alexei"]
[WhiteFideId "1145746"]
[BlackFideId "4141202"]
[WhiteElo "2510"]
[BlackElo "2654"]
[Result "0-1"]
[Round "8"]
[TimeControl "180+1"]
[Date "2023.11.07"]
[WhiteClock "0:00:00"]
[BlackClock "0:00:28"]
[Board "49"]

1. e4 c6 2. Nc3 d5 3. Qf3 Nf6 4. e5 Nfd7 5. d4 e6 6. Nh3 Be7 7. Qg4 g6 8. Bh6 c5 9. Nb5 cxd4 10. f4 Nc6 11. Bg5 Qa5+ 12. Kd1 Bf8 13. Bd3 Nb4 14. Nd6+ Bxd6 15. exd6 Nxd3 16. cxd3 Qb5 17. Qe2 Nc5 18. Nf2 Na4 19. Bf6 Rg8 20. Bxd4 Bd7 21. Rc1 Qb4 22. Be5 d4 23. Rc2 f6 24. Bxf6 Kf7 25. Ne4 Rgc8 26. Ng5+ Kg8 27. Rxc8+ Rxc8 28. a3 Nxb2+ 0-1


[Site "https://www.chess.com"]

[Event "Titled Tuesday Blitz November 07 Late 2023"]
[White "Sreyas Payyappat"]
[Black "Aarav Dengla"]
[WhiteFideId "46674969"]
[BlackFideId "45059756"]
[WhiteElo "2510"]
[BlackElo "2647"]
[Result "0-1"]
[Round "8"]
[TimeControl "180+1"]
[Date "2023.11.07"]
[WhiteClock "0:00:02"]
[BlackClock "0:00:16"]
[Board "50"]

1. e4 c5 2. Nf3 d6 3. d4 cxd4 4. Nxd4 Nf6 5. Nc3 a6 6. h4 e6 7. g4 Be7 8. Bg2 Qc7 9. Be3 Nc6 10. f4 Nxd4 11. Bxd4 e5 12. Be3 Bxg4 13. Bf3 h5 14. Bxg4 Nxg4 15. Nd5 Qc6 16. Bb6 exf4 17. Qd2 Rc8 18. O-O-O Bf6 19. c3 Be5 20. Bd4 Qc4 21. Nb6 Qxd4 22. Nxc8 Qxd2+ 23. Rxd2 Kd7 24. Nxd6 Ke6 25. Nxb7 Rc8 26. Rd5 f6 27. Nc5+ Kf7 28. Nxa6 f3 29. Nb4 f2 30. Rdd1 Ne3 31. Rdf1 Bg3 32. Nd3 Nxf1 33. Rxf1 Bxh4 34. Nxf2 Bg3 35. Nd3 h4 36. a4 h3 37. a5 h2 38. a6 Rh8 39. Rh1 Ra8 40. Nb4 g5 41. Kc2 g4 42. Kd3 Be5 43. Ke2 g3 44. Kf3 Rd8 45. Nd5 Rb8 46. b4 Ke6 47. c4 f5 48. exf5+ Kxf5 49. b5 Ke6 50. b6 Rf8+ 51. Kg2 Rf2+ 52. Kh3 g2 53. Re1 g1=Q 54. Rxg1 hxg1=Q 55. a7 Rh2# 0-1


[Site "https://www.chess.com"]

[Event "Titled Tuesday Blitz November 07 Late 2023"]
[White "Musovic, Armin"]
[Black "Volkov, Maksim"]
[WhiteFideId "939935"]
[BlackFideId "54123070"]
[WhiteElo "2503"]
[BlackElo "2640"]
[Result "0-1"]
[Round "8"]
[TimeControl "180+1"]
[Date "2023.11.07"]
[WhiteClock "0:00:03"]
[BlackClock "0:00:22"]
[Board "51"]

1. a3 a5 2. Nc3 Nf6 3. e4 Nc6 4. Nf3 d5 5. e5 Ne4 6. d4 Bf5 7. Bd3 e6 8. Ne2 Be7 9. c3 h5 10. Ng3 Nxg3 11. hxg3 Bxd3 12. Qxd3 a4 13. g4 h4 14. g5 Na5 15. Bf4 Nc4 16. g6 Kd7 17. gxf7 g5 18. Bc1 g4 19. Nd2 Nb6 20. c4 Qf8 21. c5 Nc4 22. Nxc4 dxc4 23. Qg6 g3 24. f4 Rh6 25. Qe4 c6 26. f5 exf5 27. Qxf5+ Re6 28. O-O Qg7 29. Be3 Rf8 30. Rad1 Qg6 31. Qf3 Kc8 32. d5 Rxe5 33. d6 Bd8 34. Bd4 Rd5 35. Kh1 Kb8 36. Kg1 Ka7 37. Kh1 Qh6 38. Kg1 h3 39. Bc3 hxg2 40. Qxg2 Rh5 41. d7 Qe3+ 42. Rf2 gxf2+ 43. Qxf2 Rh1+ 44. Kxh1 Qxf2 45. Ba5 Rh8# 0-1


[Site "https://www.chess.com"]

[Event "Titled Tuesday Blitz November 07 Late 2023"]
[White "Zirkelbach, Maj"]
[Black "Seemann, Jakub"]
[WhiteFideId "14613395"]
[BlackFideId "21874697"]
[WhiteElo "2501"]
[BlackElo "2637"]
[Result "0-1"]
[Round "8"]
[TimeControl "180+1"]
[Date "2023.11.07"]
[WhiteClock "0:00:00"]
[BlackClock "0:01:21"]
[Board "52"]

1. d4 Nf6 2. c4 e6 3. Nf3 d5 4. Nc3 dxc4 5. e4 Bb4 6. Bg5 h6 7. Bxf6 Qxf6 8. Bxc4 c5 9. O-O O-O 10. Nb5 Na6 11. a3 Ba5 12. Qa4 Bb6 13. e5 Qg6 14. Nd6 cxd4 15. b4 Nc7 16. Rad1 Nd5 17. Bxd5 exd5 18. Nxc8 Raxc8 19. Nxd4 Rc4 20. Ne2 Qe4 21. Ng3 Qxe5 22. Qd7 Rd8 23. Qxb7 h5 24. Rde1 Bxf2+ 25. Kxf2 Qd4+ 26. Kf3 Rc3+ 27. Ke2 Qe3+ 0-1


[Site "https://www.chess.com"]

[Event "Titled Tuesday Blitz November 07 Late 2023"]
[White "Osmak, Yuliia"]
[Black "Amburgy, Ryan"]
[WhiteFideId "14101602"]
[BlackFideId "30924820"]
[WhiteElo "2500"]
[BlackElo "2631"]
[Result "1-0"]
[Round "8"]
[TimeControl "180+1"]
[Date "2023.11.07"]
[WhiteClock "0:02:03"]
[BlackClock "0:00:57"]
[Board "53"]

1. e4 d6 2. d4 Nf6 3. Nc3 e5 4. Nf3 Nbd7 5. Bc4 Be7 6. a4 O-O 7. O-O c6 8. Re1 h6 9. b3 Re8 10. Bb2 exd4 11. Qxd4 Qc7 12. Rad1 Ne5 13. Be2 Bg4 14. Nh4 Bxe2 15. Rxe2 Bf8 16. Nf5 Ng6 17. Nxh6+ gxh6 18. Qxf6 Bg7 19. Qxg7+ 1-0


[Site "https://www.chess.com"]

[Event "Titled Tuesday Blitz November 07 Late 2023"]
[White "aghasiyevkamal"]
[Black "victormago"]
[WhiteElo "2613"]
[BlackElo "2478"]
[Result "1/2-1/2"]
[Round "8"]
[TimeControl "180+1"]
[Date "2023.11.07"]
[WhiteClock "0:00:51"]
[BlackClock "0:02:05"]
[Board "54"]

1. e4 c5 2. Nf3 d6 3. Bb5+ Bd7 4. Bxd7+ Qxd7 5. c4 Nc6 6. Nc3 g6 7. d4 cxd4 8. Nxd4 Bg7 9. Be3 Nf6 10. f3 O-O 11. O-O Rfc8 12. b3 b6 13. Qd2 Qb7 14. Rad1 a6 15. Qe2 Nxd4 16. Bxd4 b5 17. Bxf6 Bxf6 18. Nd5 bxc4 19. Nxf6+ exf6 20. bxc4 Qb4 21. Rd4 Rc6 22. Rfd1 Rac8 23. h3 Rxc4 24. Rxc4 Rxc4 25. Kh2 Qc5 26. Qd3 Rc2 27. Qxd6 Qxd6+ 28. Rxd6 Rxa2 29. Rxf6 Kg7 30. Rb6 1/2-1/2


[Site "https://www.chess.com"]

[Event "Titled Tuesday Blitz November 07 Late 2023"]
[White "Sargsyan, Anna M."]
[Black "Akhayan, Ruben"]
[WhiteFideId "13308130"]
[BlackFideId "204439"]
[WhiteElo "2605"]
[BlackElo "2458"]
[Result "1-0"]
[Round "8"]
[TimeControl "180+1"]
[Date "2023.11.07"]
[WhiteClock "0:00:05"]
[BlackClock "0:00:11"]
[Board "55"]

1. e4 e5 2. Nf3 Nc6 3. Bc4 Nf6 4. d3 Bc5 5. c3 d6 6. O-O O-O 7. Re1 a5 8. h3 h6 9. Nbd2 Ba7 10. Nf1 Ne7 11. Be3 Ng6 12. Bxa7 Rxa7 13. d4 Ra8 14. Ng3 Qe7 15. Nf5 Qd8 16. Qd2 Kh7 17. Ng3 Be6 18. Bxe6 fxe6 19. dxe5 dxe5 20. Rad1 Qxd2 21. Rxd2 Rad8 22. Red1 Rxd2 23. Rxd2 Rf7 24. Rd8 Rd7 25. Rxd7 Nxd7 26. Nd2 b5 27. f3 Nc5 28. Ne2 Nd3 29. b3 Kg8 30. g3 Kf7 31. Kf1 Ke7 32. Ng1 Kd6 33. Ke2 Nc1+ 34. Kd1 Nxa2 35. Kc2 b4 36. Nc4+ Kd7 37. Ne2 Nxc3 38. Nxc3 bxc3 39. Nxa5 h5 40. h4 Ne7 41. Kxc3 Nc8 42. Nc4 Nd6 43. Nxe5+ Ke7 44. Nc4 Nb5+ 45. Kd3 Kf6 46. b4 g5 47. f4 gxh4 48. gxh4 Na7 49. Ne3 Nc6 50. b5 Ne7 51. e5+ Kf7 52. Ke4 Ng6 53. Ng2 Ne7 54. Ne1 Ng6 55. Nf3 Kg7 56. f5 exf5+ 57. Kxf5 Nf8 58. e6 Ng6 59. Kg5 Ne7 60. Ne5 Nc8 61. Nc6 Nd6 62. e7 Kf7 63. Kxh5 Ne8 64. Kg5 Ng7 65. h5 Ne6+ 66. Kg4 Ng7 67. h6 Ne6 68. h7 1-0


[Site "https://www.chess.com"]

[Event "Titled Tuesday Blitz November 07 Late 2023"]
[White "Kovalevsky, Stanislav"]
[Black "Flameboard08"]
[WhiteFideId "13508598"]
[WhiteElo "2457"]
[BlackElo "2603"]
[Result "0-1"]
[Round "8"]
[TimeControl "180+1"]
[Date "2023.11.07"]
[WhiteClock "0:00:48"]
[BlackClock "0:00:17"]
[Board "56"]

1. e4 b6 2. d4 Bb7 3. Bd3 e6 4. c4 Nf6 5. Nc3 Bb4 6. Qe2 c5 7. d5 Bxc3+ 8. bxc3 d6 9. Nf3 e5 10. O-O O-O 11. a4 Nbd7 12. a5 bxa5 13. Qa2 h6 14. Bd2 Nb6 15. Qxa5 Nh5 16. Rfb1 Qe7 17. g3 f5 18. Nh4 fxe4 19. Bxe4 Nf6 20. Ng6 Qf7 21. Nxf8 Nxe4 22. Be3 Qxf8 23. Qb5 Nxc3 24. Qb3 Nxb1 25. Rxb1 Ba6 26. Ra1 Bxc4 27. Qb2 Bxd5 28. Qb5 0-1


[Site "https://www.chess.com"]

[Event "Titled Tuesday Blitz November 07 Late 2023"]
[White "Makaraci, Tunahan"]
[Black "Pinheiro, Iung Alicio de O."]
[WhiteFideId "6356559"]
[BlackFideId "2104350"]
[WhiteElo "2443"]
[BlackElo "2600"]
[Result "1-0"]
[Round "8"]
[TimeControl "180+1"]
[Date "2023.11.07"]
[WhiteClock "0:00:10"]
[BlackClock "0:00:00"]
[Board "57"]

1. e4 c5 2. c3 Nf6 3. e5 Nd5 4. Nf3 Nc6 5. Bc4 Nb6 6. Bb3 d5 7. exd6 Qxd6 8. O-O c4 9. Bc2 Bg4 10. Re1 Qf6 11. Be4 O-O-O 12. h3 Bh5 13. b3 Ne5 14. g4 Nxf3+ 15. Bxf3 Bg6 16. bxc4 Nxc4 17. d4 e5 18. Bg2 exd4 19. cxd4 Qxd4 20. Qb3 Na5 21. Qb5 Qb4 22. Qe5 Bd6 23. Qe2 Rhe8 24. Be3 Kb8 25. Nd2 Qa3 26. Qf3 Bc5 27. Nc4 Qa4 28. Nxa5 Be4 29. Qg3+ Bd6 30. Bf4 Bxg2 31. Bxd6+ Ka8 32. Rxe8 Rxe8 33. Kxg2 Qxa5 34. Rc1 Qd5+ 35. Kg1 Qe6 36. Bf4 a6 37. a3 f6 38. Be3 g5 39. Qc7 1-0


[Site "https://www.chess.com"]

[Event "Titled Tuesday Blitz November 07 Late 2023"]
[White "WindWhistler11"]
[Black "Shapiro, Viktor"]
[BlackFideId "4175700"]
[WhiteElo "2441"]
[BlackElo "2590"]
[Result "0-1"]
[Round "8"]
[TimeControl "180+1"]
[Date "2023.11.07"]
[WhiteClock "0:00:00"]
[BlackClock "0:01:00"]
[Board "58"]

1. Nf3 Nf6 2. g3 c5 3. Bg2 Nc6 4. O-O g6 5. d3 Bg7 6. Nbd2 O-O 7. e4 d6 8. c3 Rb8 9. d4 cxd4 10. Nxd4 Bd7 11. a4 a6 12. h3 Nxd4 13. cxd4 b5 14. a5 b4 15. Re1 Bb5 16. Qb3 e5 17. dxe5 dxe5 18. Qxb4 Bd3 19. Qa4 Qe7 20. b3 Rfc8 21. Ba3 Qa7 22. Rac1 Nh5 23. Re3 Bb5 24. Rxc8+ Rxc8 25. Qb4 Bf8 26. Rc3 Rd8 27. Qxf8+ Rxf8 28. Bxf8 Kxf8 29. Nf3 Nxg3 30. Rc8+ Kg7 31. Nxe5 Ne2+ 0-1


[Site "https://www.chess.com"]

[Event "Titled Tuesday Blitz November 07 Late 2023"]
[White "Jaskolka, Tomasz"]
[Black "Balla, Tamas-Kristof"]
[WhiteFideId "1170791"]
[BlackFideId "1208497"]
[WhiteElo "2580"]
[BlackElo "2375"]
[Result "1-0"]
[Round "8"]
[TimeControl "180+1"]
[Date "2023.11.07"]
[WhiteClock "0:00:14"]
[BlackClock "0:00:05"]
[Board "59"]

1. d4 d5 2. Nc3 Nf6 3. Bf4 a6 4. e3 e6 5. Nf3 c5 6. Be2 Nc6 7. O-O Bd6 8. Ne5 O-O 9. a3 Qc7 10. Nxc6 Bxf4 11. exf4 Qxc6 12. g3 b5 13. Bf3 Bb7 14. Ne2 Ne4 15. c3 f5 16. dxc5 Qxc5 17. Nd4 Rae8 18. Re1 e5 19. fxe5 Rxe5 20. Bg2 Qc7 21. Qb3 Kh8 22. a4 bxa4 23. Qb4 Ree8 24. Qxa4 f4 25. f3 Nd6 26. g4 Rxe1+ 27. Rxe1 Nc4 28. Qb4 Rg8 29. Re7 Qd6 30. Qxd6 Nxd6 31. Rd7 Nb5 32. Nxb5 Bc6 33. Nd6 Re8 34. Nxe8 Bxd7 35. Nc7 Bc6 36. Nxa6 Kg8 37. Nb4 Bb7 38. Bf1 Kf7 39. Kf2 Ke6 40. Bd3 Ba8 41. Bxh7 Kf7 42. Bd3 1-0


[Site "https://www.chess.com"]

[Event "Titled Tuesday Blitz November 07 Late 2023"]
[White "Ventura Bolet, Maxim"]
[Black "ChessBrainiacOnTwitch"]
[WhiteFideId "22238824"]
[WhiteElo "2488"]
[BlackElo "2771"]
[Result "1-0"]
[Round "8"]
[TimeControl "180+1"]
[Date "2023.11.07"]
[WhiteClock "0:00:41"]
[BlackClock "0:00:09"]
[Board "60"]

1. e4 c5 2. Nf3 d6 3. d4 cxd4 4. Nxd4 Nf6 5. Nc3 a6 6. Bc4 Nbd7 7. O-O e6 8. Re1 Nc5 9. Bg5 Be7 10. Qf3 Qc7 11. Bb3 O-O 12. Rad1 b5 13. Qg3 b4 14. Bxf6 Bxf6 15. Na4 Ra7 16. Nf3 Rd8 17. e5 dxe5 18. Rxd8+ Bxd8 19. Nxe5 Nxa4 20. Bxa4 Bf6 21. Ng4 Bxb2 22. Rd1 Kf8 23. Qh4 f6 24. Qxh7 f5 25. Qh8+ Ke7 26. Qe8# 1-0


[Site "https://www.chess.com"]

[Event "Titled Tuesday Blitz November 07 Late 2023"]
[White "Willy, Stephen"]
[Black "Hilary46"]
[WhiteFideId "30981468"]
[WhiteElo "2480"]
[BlackElo "2684"]
[Result "1-0"]
[Round "8"]
[TimeControl "180+1"]
[Date "2023.11.07"]
[WhiteClock "0:01:08"]
[BlackClock "0:00:03"]
[Board "61"]

1. e4 e5 2. Nf3 Nc6 3. c3 Nf6 4. d4 Nxe4 5. d5 Bc5 6. dxc6 Bxf2+ 7. Ke2 Bb6 8. Qd5 Nf2 9. Qxe5+ Kf8 10. Be3 Ng4 11. Qg5 Qe8 12. Qxg4 Qxe3+ 13. Kd1 dxc6 14. Qg5 Qxg5 15. Nxg5 Bg4+ 16. Kc2 Rd8 17. Bd3 h6 18. Nf3 Bxf3 19. gxf3 g6 20. Nd2 Kg7 21. Nc4 Rd5 22. Rad1 Rhd8 23. Be4 Rxd1 24. Rxd1 Rxd1 25. Kxd1 Kf6 26. a4 Bg1 27. h3 Kg5 28. Na5 f5 29. Bd3 Kh4 30. Bf1 Kg3 31. Ke2 b6 32. Nxc6 a5 33. Ne7 g5 34. Nxf5+ Kf4 35. Nxh6 1-0


[Site "https://www.chess.com"]

[Event "Titled Tuesday Blitz November 07 Late 2023"]
[White "Ahmad, Khagan"]
[Black "Lamard, Guillaume"]
[WhiteFideId "13431552"]
[BlackFideId "600261"]
[WhiteElo "2468"]
[BlackElo "2632"]
[Result "0-1"]
[Round "8"]
[TimeControl "180+1"]
[Date "2023.11.07"]
[WhiteClock "0:00:00"]
[BlackClock "0:00:07"]
[Board "62"]

1. Nf3 c5 2. e4 d6 3. d4 cxd4 4. Nxd4 Nf6 5. f3 e5 6. Nb3 Be6 7. c4 a6 8. Nc3 Be7 9. Be3 O-O 10. Be2 Nc6 11. O-O b5 12. cxb5 axb5 13. Bxb5 Na5 14. Nxa5 Qxa5 15. Rf2 Rab8 16. Bf1 Rfc8 17. Rd2 h5 18. Rc1 Bd8 19. Rxd6 Rxb2 20. Nd5 Rbb8 21. Rxc8 Rxc8 22. Nxf6+ Bxf6 23. Ra6 Qc3 24. Bf2 h4 25. h3 Qb2 26. Rxe6 fxe6 27. Qd7 Rc1 28. Qe8+ Kh7 29. Qh5+ Kg8 30. Qe8+ Kh7 31. Be3 Rc2 32. Qh5+ Kg8 33. Qe8+ Kh7 34. Qxe6 Qc3 35. Qf5+ Kg8 36. Qe6+ Kf8 37. Qd6+ Ke8 38. Bb5+ Kf7 39. Qd5+ Kg6 40. Be8+ Kh7 41. Bf2 Rc1+ 42. Kh2 Bg5 0-1


[Site "https://www.chess.com"]

[Event "Titled Tuesday Blitz November 07 Late 2023"]
[White "Jovic, Stanoje"]
[Black "Adla, Diego"]
[WhiteFideId "905020"]
[BlackFideId "100072"]
[WhiteElo "2452"]
[BlackElo "2624"]
[Result "0-1"]
[Round "8"]
[TimeControl "180+1"]
[Date "2023.11.07"]
[WhiteClock "0:00:00"]
[BlackClock "0:00:47"]
[Board "63"]

1. c4 e6 2. d4 Nf6 3. g3 d5 4. Bg2 dxc4 5. Nf3 Nbd7 6. O-O a6 7. a4 Rb8 8. a5 Bd6 9. Qc2 b5 10. axb6 Nxb6 11. e4 Be7 12. Nbd2 c5 13. dxc5 Bxc5 14. Nxc4 Nxc4 15. Qxc4 Nd7 16. Bf4 Rb4 17. Qc3 O-O 18. Rfd1 Qb6 19. Rd2 Rb5 20. Qc2 Nf6 21. Rad1 Ng4 22. h3 Nxf2 23. Rxf2 Rxb2 24. Qc3 Rxf2 25. Kh1 Bb7 26. Ne5 Rxg2 27. Kxg2 Bxe4+ 28. Kh2 Bb4 29. Qc1 Qb5 30. Qe3 Bg6 31. h4 a5 32. g4 Qa4 33. Rd7 Qc2+ 34. Kg3 Be4 35. Nf3 Bxf3 36. Qxf3 Be1+ 37. Kh3 a4 38. Bd6 Qc3 0-1


[Site "https://www.chess.com"]

[Event "Titled Tuesday Blitz November 07 Late 2023"]
[White "Ozates, Tuna"]
[Black "Herman, Daniel"]
[WhiteFideId "6354521"]
[BlackFideId "30935008"]
[WhiteElo "2575"]
[BlackElo "2421"]
[Result "1-0"]
[Round "8"]
[TimeControl "180+1"]
[Date "2023.11.07"]
[WhiteClock "0:00:33"]
[BlackClock "0:00:06"]
[Board "64"]

1. e4 c6 2. d4 d5 3. exd5 cxd5 4. c4 Nf6 5. Nc3 Nc6 6. Nf3 Bg4 7. cxd5 Nxd5 8. Qb3 Bxf3 9. gxf3 e6 10. Qxb7 Nxd4 11. Bb5+ Nxb5 12. Qc6+ Ke7 13. Qxb5 Nxc3 14. bxc3 Qb6 15. Qg5+ f6 16. Qg4 Qa6 17. Be3 Kf7 18. Rd1 Qb5 19. a4 Qc6 20. O-O Be7 21. Rde1 Rhd8 22. f4 f5 23. Qh5+ Kg8 24. Bd4 Bf6 25. Bxf6 gxf6 26. Re3 Rd7 27. Rfe1 Kh8 28. Rg3 Rg8 29. Qh6 Rf7 30. Rd1 Qe8 31. c4 Rxg3+ 32. hxg3 Rf8 33. c5 Qf7 34. c6 Rc8 35. Rd7 Qg6 36. Qxg6 hxg6 37. c7 1-0


[Site "https://www.chess.com"]

[Event "Titled Tuesday Blitz November 07 Late 2023"]
[White "Arnold, Ken"]
[Black "Przybylski, Wojciech"]
[WhiteFideId "2056836"]
[BlackFideId "1117599"]
[WhiteElo "2426"]
[BlackElo "2528"]
[Result "1-0"]
[Round "8"]
[TimeControl "180+1"]
[Date "2023.11.07"]
[WhiteClock "0:00:12"]
[BlackClock "0:00:00"]
[Board "65"]

1. d4 Nf6 2. Nf3 e6 3. g3 d5 4. Bg2 Bd6 5. O-O O-O 6. Bf4 c5 7. c3 Nc6 8. dxc5 Bxc5 9. Nbd2 Re8 10. Nb3 Bb6 11. Ne5 Nxe5 12. Bxe5 Bd7 13. Bd4 Bc7 14. a4 e5 15. Bc5 Bc6 16. a5 Ne4 17. Bb4 f5 18. Nd2 Qg5 19. Nxe4 fxe4 20. Qb3 Kh8 21. Bc5 a6 22. Be3 Qh5 23. Rfe1 Rad8 24. Bb6 Bxb6 25. Qxb6 d4 26. Rad1 d3 27. exd3 Rxd3 28. Rxd3 exd3 29. Qe3 Bxg2 30. Kxg2 Rd8 31. f3 h6 32. Rd1 Qf5 33. Rd2 Rd5 34. b4 Qd7 35. h4 Qd6 36. Qe4 Kg8 37. Kf2 Kh8 38. Ke3 Qc6 39. Rxd3 Rxd3+ 40. Kxd3 Qd7+ 41. Ke3 Qc7 42. Kd3 Qd7+ 43. Kc2 Qe7 44. f4 Qd7 45. Qxe5 Qa4+ 46. Kd3 Qd7+ 47. Ke4 Qc6+ 48. Ke3 Qg2 49. f5 Qg1+ 50. Ke4 Qg2+ 51. Kd4 Qd2+ 52. Kc4 Qa2+ 53. Kc5 Qf2+ 54. Kd6 Kg8 55. Qe6+ Kh7 56. Qg6+ Kh8 57. f6 Qd2+ 58. Ke7 Qe3+ 59. Kf8 1-0


[Site "https://www.chess.com"]

[Event "Titled Tuesday Blitz November 07 Late 2023"]
[White "Kujawski, Adam"]
[Black "JackRodgers"]
[WhiteFideId "1100920"]
[WhiteElo "2383"]
[BlackElo "2511"]
[Result "1-0"]
[Round "8"]
[TimeControl "180+1"]
[Date "2023.11.07"]
[WhiteClock "0:00:14"]
[BlackClock "0:01:03"]
[Board "66"]

1. e4 c5 2. Nf3 g6 3. c4 Bg7 4. d4 cxd4 5. Nxd4 Nc6 6. Be3 Nf6 7. Nc3 Ng4 8. Qxg4 Nxd4 9. Qd1 e5 10. Qd2 d6 11. Bd3 Be6 12. O-O O-O 13. f4 exf4 14. Bxf4 Be5 15. Rae1 Rc8 16. b3 a6 17. Nd5 Bxd5 18. exd5 Re8 19. Bxe5 dxe5 20. Qh6 f5 21. g4 e4 22. gxf5 gxf5 23. Kh1 Kh8 24. Bxe4 Rxe4 25. Rxe4 fxe4 26. Rf7 1-0


[Site "https://www.chess.com"]

[Event "Titled Tuesday Blitz November 07 Late 2023"]
[White "TheAlienParty"]
[Black "Silva Lucena, Cristian"]
[BlackFideId "2232588"]
[WhiteElo "2361"]
[BlackElo "2511"]
[Result "0-1"]
[Round "8"]
[TimeControl "180+1"]
[Date "2023.11.07"]
[WhiteClock "0:00:00"]
[BlackClock "0:00:29"]
[Board "67"]

1. c4 Nf6 2. g3 g6 3. Bg2 Bg7 4. Nf3 O-O 5. d4 d6 6. O-O Nbd7 7. Nc3 e6 8. Bf4 Re8 9. Qd2 d5 10. cxd5 exd5 11. Rac1 c6 12. Ne5 Nf8 13. h3 Be6 14. Bh6 Bh8 15. Na4 Qc8 16. Kh2 N6d7 17. Ng4 f5 18. Ne3 Nf6 19. f3 Qd8 20. Nc5 Bc8 21. Rfe1 Qe7 22. Nc2 Ne6 23. Nd3 Nh5 24. Ne5 Qd6 25. f4 Nd8 26. Bg5 Nf7 27. Nxf7 Kxf7 28. Bf3 Nf6 29. Qb4 Qxb4 30. Nxb4 Ne4 31. h4 Bxd4 32. Nd3 Kg7 33. h5 h6 34. Bh4 g5 35. fxg5 hxg5 36. e3 Bf6 37. Bxe4 fxe4 38. Nc5 gxh4 39. gxh4 b6 40. Rg1+ Kf7 41. Nb3 c5 42. Rcf1 Ke7 43. Rg6 Rf8 44. h6 Be5+ 45. Kg1 Rxf1+ 46. Kxf1 Bf5 47. Rg5 Ke6 48. h7 Rh8 49. Rg8 Rxh7 50. Ra8 Bxb2 51. Re8+ Kd7 52. Ra8 Kc6 53. a4 c4 0-1


[Site "https://www.chess.com"]